 Dungeon Crawl Stone Soup version 0.24.0-2-g5b39cebb1c (webtiles) character file.

Game seed: 5255409829526623317, levelgen mode: deterministic

158933 Katsumi the Summoner (level 16, -8/100 HPs)
             Began as a Felid Transmuter on Oct 29, 2019.
             Was a High Priest of Ru.
             Killed from afar by a deep elf mage (9 damage)
             ... with a bolt of lightning
             ... on level 2 of the Elven Halls.
             The game lasted 02:50:35 (74026 turns).

Katsumi the Summoner (Felid Transmuter)            Turns: 74026, Time: 02:50:35

Health: -8/100     AC: 27    Str:  6    XL:     16   Next: 54%
Magic:  0/42       EV: 21    Int: 25    God:    Ru [*****.]
Gold:   92         SH:  0    Dex: 15    Spells: 0/40 levels left
                                        Lives:  0   Deaths: 2

rFire    x . .     SeeInvis +     - Unarmed
rCold    x . .     Gourm    .   (shield unavailable)
rNeg     + . .     Faith    .   (armour unavailable)
rPois    ∞         Spirit   +   (helmet unavailable)
rElec    +         Reflect  .   (cloak unavailable)
rCorr    .         Harm     .   (gloves unavailable)
MR       ++...                  (boots unavailable)
Stlth    +++++.....             l - amulet of guardian spirit
HPRegen  0.26/turn              z - ring of magical power
MPRegen  0.28/turn              I - +3 ring of intelligence

@: exhausted, statue-form, very slightly contaminated, drained, very slow
A: very small, no armour, no weapons or thrown items, stealth, claws 1, fangs 3,
see invisible, carnivore, clumsy 1, slow metabolism 1, reduced EV 1, sharp paws,
missing an eye, temperature sensitive
}: 2/15 runes: decaying, gossamer
a: End Transformation, Draw Out Power, Power Leap, Apocalypse, Renounce Religion


You were on level 2 of the Elven Halls.
You worshipped Ru.
Ru was extremely pleased with you.
You were not hungry.
You were a stone statue.
You visited 7 branches of the dungeon, and saw 35 of its levels.

You collected 2548 gold pieces.
You spent 2456 gold pieces at shops.

Inventory:

Missiles
 a - 670 arrows
Jewellery
 d - an uncursed ring of fire
 h - a +4 amulet of reflection
 l - an amulet of guardian spirit (around neck)
 n - an uncursed ring of fire
 x - an uncursed ring of stealth
 z - a ring of magical power (left paw)
 I - a +3 ring of intelligence (right paw)
 L - an uncursed ring of fire
 O - an uncursed amulet of the acrobat
 R - an uncursed ring of flight
Wands
 m - a wand of digging (15)
 o - a wand of paralysis (13)
 p - a wand of iceblast (24)
 r - a wand of random effects (15)
 v - a wand of acid (3)
 A - a wand of flame (25)
 B - a wand of clouds (13)
Scrolls
 g - 16 scrolls of remove curse
 i - 4 scrolls of fog
 j - 6 scrolls of teleportation
 q - a scroll of vulnerability
 s - 6 scrolls of immolation
 t - 2 scrolls of blinking
 u - a scroll of amnesia
 y - 21 scrolls of identify
 J - a scroll of silence
 K - 2 scrolls of summoning
 M - 5 scrolls of magic mapping
 V - a scroll of holy word
 W - 3 scrolls of torment
Potions
 b - 4 potions of agility
 e - 5 potions of ambrosia
 f - 6 potions of haste
 k - 4 potions of curing
 w - 6 potions of brilliance
 E - 5 potions of lignification
 F - 2 potions of mutation
 G - a potion of magic {unknown}
 H - 4 potions of flight
 N - a potion of resistance
 P - 2 potions of cancellation
 T - a potion of berserk rage
 U - 4 potions of might
Miscellaneous
 C - a lightning rod (4/4)
 D - a phial of floods
 Q - a lamp of fire
 S - 3 sacks of spiders
Comestibles
 c - 34 rations


   Skills:
 - Level 12.5(11.5) Fighting
 - Level 11.6(10.6) Dodging
 - Level 12.1(11.1) Stealth
 - Level 10.0(9.0) Unarmed Combat
 * Level 12.8(11.8) Spellcasting
 + Level 12.1(11.1) Conjurations
 + Level 13.1(12.1) Summonings
 - Level 12.0(11.0) Transmutations
 - Level 10.0(9.0) Earth Magic
 - Level 8.1(7.2) Evocations


You couldn't memorise any spells.
You knew the following spells:

 Your Spells              Type           Power        Failure   Level  Hunger
a - Beastly Appendage     Tmut           ######       1%          1    None
b - Sticks to Snakes      Tmut           ######..     1%          2    None
c - Dragon Form           Tmut           ######....   36%         7    ######.
d - Iron Shot             Conj/Erth      ######....   10%         6    #####..
e - Statue Form           Tmut/Erth      ######...    11%         6    #####..
f - Orb of Destruction    Conj           ######....   36%         7    ######.
g - Ice Form              Ice/Tmut       #####...     4%          4    None
h - Spellforged Servitor  Conj/Summ      ######....   30%         7    ######.

Your spell library contained the following spells:

 Spells                   Type           Power        Failure   Level  Hunger
 Magic Dart               Conj           ####         1%          1    None
 Sandblast                Erth           ######       1%          1    None
 Searing Ray              Conj           ######       1%          2    None
 Dazzling Spray           Conj/Hex       #####.       1%          3    None
 Spider Form              Tmut/Pois      #####.....   1%          3    None
 Stone Arrow              Conj/Erth      ######       1%          3    None
 Iskenderun's Mystic Bla  Conj           ######..     1%          4    None
 Petrify                  Tmut/Erth      ######..     1%          4    None
 Blade Hands              Tmut           ######....   1%          5    ###....
 Irradiate                Conj/Tmut      ######....   1%          5    ###....
 Corona                   Hex            ##.....      4%          1    None
 Force Lance              Conj/Tloc      #####...     4%          4    None
 Fulminant Prism          Conj/Hex       #####.....   4%          4    None
 Blink                    Tloc           N/A          6%          2    None
 Shroud of Golubria       Chrm/Tloc      ##....       6%          2    None
 Slow                     Hex            ##......     6%          2    None
 Leda's Liquefaction      Hex/Erth       #####.....   6%          4    None
 Bolt of Magma            Conj/Fire/Erth #####.....   7%          5    ###....
 Hydra Form               Tmut           ######....   7%          6    #####..
 Gell's Gravitas          Tloc           ##........   12%         3    None
 Inner Flame              Hex/Fire       ##......     12%         3    None
 Lesser Beckoning         Tloc           ##........   12%         3    None
 Teleport Other           Tloc           ##......     12%         3    None
 Iskenderun's Battlesphe  Conj/Chrm      #####...     12%         5    ###....
 Venom Bolt               Conj/Pois      #####.....   12%         5    ###....
 Cause Fear               Hex            ##........   38%         4    None
 Passage of Golubria      Tloc           N/A          38%         4    None
 Portal Projectile        Hex/Tloc       Unusable     N/A         3    N/A

Dungeon Overview and Level Annotations

Branches:
Dungeon (15/15)            Temple (1/1) D:4            Lair (6/6) D:11
  Swamp (4/4) Lair:3       Spider (4/4) Lair:2        Slime (0/5) Lair:6
    Orc (2/2) D:10            Elf (3/3) Orc:2        Vaults (0/5) D:13
 Depths (0/5) D:15

Altars:
Ashenzari
Cheibriados
Dithmenos
Elyvilon
Fedhas
Gozag
Hepliaklqana
Kikubaaqudgha
Makhleb
Nemelex Xobeh
Qazlal
Ru
Sif Muna
Trog
Uskayaw
Vehumet
Wu Jian
Xom
Yredelemnul
Zin
The Shining One
Beogh

Shops:
D:7 !   D:8 }   Orc:2 [*(:   Elf:1 [*

Annotations:
D:5 1 runed translucent door, Crazy Yiuf
Lair:1 2 transporters
Spider:4 1 runed translucent door, Dwachs's ghost, adept CeHu
Elf:2 6 runed doors


Innate Abilities, Weirdness & Mutations

You cannot wear armour.
You are incapable of wielding weapons or throwing items.
Your paws allow you to move quietly. (Stealth)
You have sharp claws.
You have razor-sharp teeth.
You have supernaturally acute eyesight. (SInv)
You are carnivorous and can eat meat at any time.
You are clumsy. (Dex -2)
((You cover ground quickly.))
((Your thick and shaggy fur keeps you warm. (AC +3, rC+)))
You have a slow metabolism.
You have somewhat slow reflexes. (EV -5)
Your sharp claws are effective at attacking unaware monsters.
You are missing an eye, making it more difficult to aim.
You are sensitive to extremes of temperature. (rF-, rC-)


Message History

The deep elf mage casts a spell.
The deep elf mage blinks!
The fire elemental hits you.
The deep elf archer begins to cast a spell, but is stunned by your will!
The +5 battleaxe of venom hits you!!
* * * LOW HITPOINT WARNING * * *
The deep elf mage gestures at you while chanting.
The bolt of lightning hits you! You resist.
* * * LOW HITPOINT WARNING * * *
The bolt of lightning misses the fire elemental.
Unknown command.
Blink to where?
Press: ? - help, Dir - move target cursor You are very lightly contaminated with residual magic.
As you read the scroll of blinking, it crumbles to dust.
The deep elf mage begins to cast a spell, but is stunned by your will!
The deep elf archer shoots an arrow.
The arrow hits you!
* * * LOW HITPOINT WARNING * * *
The deep elf mage gestures at you while chanting.
The bolt of lightning hits you! You resist.
You die...

### ...+ #####.######...+
#.........)....+
###############..............+
(..................e...e.....++
.........[.....................
#######.######.......(.........
...<.............>.......#
...##########8.).((E☼...#..
#..# ###.##.eE..#...# #...
#.#(##☼☼...... #..
#°)###..e..... #. #)##
#..E....> #e)# #..°..(.. ee#.#
####..... .e(##e# ..... #.e..
... ...^.


You could see a deep elf archer, 2 deep elf magi, 2 fire elementals and a +5
battleaxe of venom.

Vanquished Creatures
  Kirke (Swamp:4)
  4 thorn hunters (Swamp:4)
  Roxanne (D:15)
  A deep elf sorcerer (Elf:1)
  Aizul (Swamp:1)
  5 emperor scorpions (Spider:4)
  5 ghost moths
  2 entropy weavers
  Nessos (Lair:6)
  A spark wasp (Spider:4)
  A deep elf death mage (Elf:2)
  Josephine (D:14)
  Erolcha (D:11)
  5 vault guards (D:13)
  Erica (D:8)
  17 hydras
  4 shambling mangroves
  4 catoblepae
  5 centaur warriors
  A ghost crab (Swamp:4)
  5 dancing weapons
  2 two-headed ogres
  7 alligators
  4 death yaks
  2 orc high priests
  7 hell knights (D:14)
  Sonja (D:11)
  Nergalle (Lair:3)
  2 deep elf knights
  3 spriggans
  3 skeletal warriors (D:15)
  4 unseen horrors
  11 swamp dragons
  3 spriggan druids
  3 orc knights (Orc:2)
  Pikel (D:9)
  10 deep elf archers
  A wizard (Elf:1)
  21 deep elf magi
  4 necromancers
  A wolf spider zombie (D:15)
  33 wolf spiders
  3 orc sorcerers
  23 orb spiders
  22 ugly things
  3 cyclopes
  4 manticores
  2 moths of wrath
  Joseph (D:7)
  2 black mambas
  Psyche (D:8)
  A naga mage (D:15)
  A molten gargoyle (Lair:5)
  A torpor snail (Lair:2)
  A gargoyle (D:15)
  13 spiny frogs
  2 rime drakes (Lair:3)
  13 demonic crawlers
  A yaktaur (D:13)
  6 kobold demonologists
  4 komodo dragons
  A queen bee (Spider:3)
  3 meliai (Spider:3)
  A merfolk (D:9)
  A polar bear (Lair:6)
  7 trolls
  48 jumping spiders
  A queen bee (shapeshifter) (D:13)
  Prince Ribbit (D:9)
  14 hornets
  12 tyrant leeches
  7 slime creatures
  5 dream sheep (Lair:6)
  13 bog bodies
  10 hippogriffs
  9 blink frogs
  5 shadows
  27 tarantellas
  72 redbacks
  2 air elementals (Elf:1)
  A vampire (D:10)
  A water elemental (D:11)
  10 wraiths
  5 wyverns
  2 basilisks
  A hog (Swamp:4)
  2 fire elementals
  49 yaks
  5 hungry ghosts
  Menkaure (D:7)
  18 vampire mosquitoes
  8 insubstantial wisps
  3 wargs
  4 acid dragons
  9 water moccasins
  17 swamp worms
  A soldier ant (D:11)
  Duvessa (D:7)
  3 porcupines
  5 ice beasts
  A slave (D:9)
  3 sky beasts
  2 black bears
  6 hell hounds (D:14)
  15 swamp drakes
  20 orc warriors
  A necrophage (D:11)
  A phantom (D:12)
  3 eyes of draining (D:14)
  A boggart (Elf:1)
  7 ogres
  7 wolves
  13 centaurs
  3 big kobolds
  10 crocodiles
  An elf zombie (D:7)
  Blork the orc (Orc:2)
  24 bullfrogs
  A wyvern zombie (D:7)
  3 earth elementals
  Dowan (D:7)
  5 scorpions
  21 killer bees
  12 wights
  4 electric eels (D:11)
  8 crimson imps
  6 centaur zombies
  3 bullfrog zombies
  2 quasits
  7 centaur skeletons
  9 hounds
  2 human zombies (D:7)
  21 orc priests
  Ijyb (D:3)
  2 jellies
  3 bullfrog skeletons
  24 orc wizards
  3 iguanas
  8 worker ants
  A polar bear simulacrum (Lair:2)
  3 yak simulacra (Lair:2)
  3 wolf simulacra (Lair:2)
  A hound skeleton (D:10)
  A hound zombie (D:7)
  A howler monkey zombie (D:10)
  3 mummies (D:7)
  4 gnolls (Orc:2)
  7 adders
  3 shadow imps
  5 oozes (Lair:6)
  2 adder zombies
  A worm (D:2)
  5 leopard geckos
  58 orcs
  12 bats
  6 giant cockroaches
  13 goblins
  8 hobgoblins
  19 jackals
  2 quokkas
  A ball python (D:3)
  9 frilled lizards
  A jackal zombie (D:5)
  18 kobolds
  A leopard gecko zombie (D:6)
  2 orc zombies (D:7)
  4 quokka skeletons
  11 rats
  4 river rat simulacra (Lair:2)
  A briar patch (Swamp:4)
  19 plants
1174 creatures vanquished.

Vanquished Creatures (collateral kills)
  An orc warlord (Orc:2)
  3 vault guards (D:13)
  5 two-headed ogres
  A black mamba (Lair:6)
  A troll (D:11)
  A hornet (D:12)
  5 dream sheep (Lair:6)
  A soldier ant (D:13)
  A crocodile (Lair:6)
  2 bullfrogs (D:10)
  A centaur skeleton (D:10)
  2 hounds (D:12)
  Jessica (D:3)
  An iguana (D:4)
  Terence (D:2)
  Robin (D:3)
  An adder (D:3)
  A hobgoblin (D:3)
30 creatures vanquished.

Vanquished Creatures (others)
  A ghost crab (Swamp:2)
  2 hydras (Swamp:1)
  A two-headed ogre (D:11)
  A death yak (Lair:6)
  A deep elf knight (Elf:1)
  A spriggan druid (Swamp:3)
  3 wolf spiders
  3 deep elf magi
  A manticore (Lair:6)
  3 spiny frogs
  A spiny frog (shapeshifter) (Elf:2)
  A jumping spider (Spider:1)
  2 hornets
  A hippogriff (Lair:1)
  A bog body (Swamp:1)
  2 blink frogs (Lair:6)
  6 redbacks
  A tarantella (Spider:4)
  A human (Swamp:4)
  A hell hound (D:14)
  2 slaves (D:9)
  A swamp drake (Swamp:2)
  2 orc warriors (Orc:2)
  A boggart (Elf:1)
  A bullfrog (D:14)
  An electric eel (Spider:4)
  2 briar patches (Swamp:4)
  4 plants (Lair:6)
48 creatures vanquished.

Grand Total: 1252 creatures vanquished

Notes
Turn   | Place    | Note
-------+----------+-------------------------------------------
     0 | D:1      | Katsumi the Felid Transmuter began the quest for the Orb.
     0 | D:1      | Reached XP level 1. HP: 9/9 MP: 4/4
   538 | D:1      | Reached XP level 2. HP: 9/13 MP: 4/6
   551 | D:1      | You fall into a shaft and drop 1 floor!
   914 | D:2      | Noticed Terence
   950 | D:2      | Learned a level 2 spell: Sticks to Snakes
  1044 | D:2      | Killed Terence
  1588 | D:2      | Reached XP level 3. HP: 17/17 MP: 5/7
  3212 | D:1      | Reached XP level 4. HP: 21/21 MP: 6/8
  3495 | D:2      | Found a glowing silver altar of Zin.
  3497 | D:2      | Found a sparkling altar of Nemelex Xobeh.
  4306 | D:3      | Noticed Jessica
  4321 | D:3      | Killed Jessica
  4689 | D:3      | Noticed Ijyb
  4711 | D:3      | Killed Ijyb
  4910 | D:3      | Reached XP level 5. HP: 24/24 MP: 9/9
  4913 | D:3      | Noticed Robin
  4953 | D:3      | Killed Robin
  5102 | D:3      | Reached skill level 5 in Transmutations
  5285 | D:3      | Found an ornate altar of the Wu Jian Council.
  6241 | D:4      | Found a burning altar of Makhleb.
  6261 | D:4      | Found a staircase to the Ecumenical Temple.
  6778 | Temple   | Entered the Ecumenical Temple
  6849 | Temple   | Became a worshipper of Ru the Awakened
  7220 | D:4      | Found a white marble altar of Elyvilon.
  7292 | D:4      | Learned a level 5 spell: Blade Hands
  7574 | D:5      | Entered Level 5 of the Dungeon
  7583 | D:4      | Gained mutation: You are covered in thick fur. (AC +2)
                  | [Felid growth]
  7583 | D:4      | Reached XP level 6. HP: 25/28 MP: 6/10
  7694 | D:4      | Found a blossoming altar of Fedhas.
  7804 | D:4      | Found an ancient bone altar of Kikubaaqudgha.
  8295 | D:5      | Reached skill level 1 in Evocations
  8295 | D:5      | Reached XP level 7. HP: 31/31 MP: 5/11
  8705 | D:5      | Noticed a troll
  8709 | D:5      | Killed a troll
  8903 | D:5      | Gained mutation: You are clumsy. (Dex -2) [Ru sacrifice]
  9001 | D:5      | Found a sacrificial altar of Ru.
  9111 | D:5      | Reached XP level 8. HP: 30/34 MP: 5/12
  9778 | D:5      | Found a runed translucent door.
  9780 | D:5      | Noticed Crazy Yiuf
 10057 | D:6      | Found a bloodstained altar of Trog.
 10243 | D:6      | Found a shadowy altar of Dithmenos.
 10724 | D:6      | Reached skill level 5 in Evocations
 10797 | D:6      | Reached skill level 10 in Transmutations
 11315 | D:7      | Noticed Menkaure
 11423 | D:7      | Killed Menkaure
 11722 | D:7      | Reached XP level 9. HP: 29/39 MP: 6/14
 12074 | D:7      | Noticed Duvessa
 12074 | D:7      | Noticed Joseph
 12074 | D:7      | Noticed Dowan
 12086 | D:7      | Killed Joseph
 12086 | D:7      | Reached skill level 5 in Fighting
 12092 | D:7      | Killed Duvessa
 12105 | D:7      | Killed Dowan
 12305 | D:7      | Noticed an unseen horror
 12462 | D:6      | Killed an unseen horror
 12462 | D:6      | Reached skill level 5 in Unarmed Combat
 13057 | D:7      | Found a basalt altar of Yredelemnul.
 13316 | D:7      | Reached XP level 10. HP: 48/48 MP: 15/15
 14180 | D:7      | Found Taecoc's Distillery.
 14183 | D:7      | Bought a potion of mutation for 104 gold pieces
 14183 | D:7      | Bought a potion of lignification for 39 gold pieces
 14183 | D:7      | Bought 2 potions of heal wounds for 130 gold pieces
 14183 | D:7      | Bought a potion of flight for 39 gold pieces
 14183 | D:7      | Bought a potion of curing for 39 gold pieces
 14277 | D:8      | Gained mutation: You are sensitive to extremes of
                  | temperature. (rF-, rC-) [Ru sacrifice]
 14277 | D:8      | Reached * piety under Ru
 14277 | D:8      | Reached ** piety under Ru
 14277 | D:8      | Reached *** piety under Ru
 14315 | D:8      | Found Otuq's Gadget Shop.
 14338 | D:8      | Bought a wand of paralysis (5) for 84 gold pieces
 14361 | D:8      | Found a hazy altar of Hepliaklqana.
 14362 | D:8      | Found an opulent altar of Gozag.
 14362 | D:8      | Found a hide-covered altar of Uskayaw.
 14427 | D:8      | Noticed Psyche
 14433 | D:8      | Killed Psyche
 14433 | D:8      | Noticed Erica
 15033 | D:8      | Killed Erica
 15825 | D:9      | Reached skill level 10 in Fighting
 16038 | D:9      | Found a snail-covered altar of Cheibriados.
 16146 | D:9      | Noticed a two-headed ogre
 16168 | D:9      | Killed a two-headed ogre
 16409 | D:9      | Noticed Pikel
 16421 | D:9      | Killed Pikel
 16530 | D:9      | Reached XP level 11. HP: 55/55 MP: 17/17
 16590 | D:9      | Noticed Prince Ribbit
 16598 | D:9      | Killed Prince Ribbit
 16835 | D:10     | Entered Level 10 of the Dungeon
 17119 | D:10     | Noticed an unseen horror
 17137 | D:10     | Killed an unseen horror
 17141 | D:10     | Gained mutation: You have somewhat slow reflexes. (EV -5)
                  | [Ru sacrifice]
 17141 | D:10     | Reached **** piety under Ru
 17173 | D:10     | Noticed a two-headed ogre
 17189 | D:10     | Killed a two-headed ogre
 17403 | D:10     | Found a staircase to the Orcish Mines.
 17552 | D:10     | Reached skill level 1 in Stealth
 17586 | D:10     | You fall into a shaft and drop 2 floors!
 17916 | D:12     | Noticed a green ugly thing
 17924 | D:12     | Noticed a cyan ugly thing
 17937 | D:12     | Killed a green ugly thing
 17941 | D:12     | Killed a cyan ugly thing
 17997 | D:11     | Noticed Josephine
 18019 | D:12     | Noticed a two-headed ogre
 18039 | D:12     | Killed a two-headed ogre
 18039 | D:12     | Reached skill level 5 in Dodging
 18153 | D:12     | Reached skill level 5 in Stealth
 18760 | D:11     | Noticed Erolcha
 18766 | D:11     | Killed Erolcha
 18860 | D:11     | Noticed a two-headed ogre
 19731 | D:10     | Noticed a two-headed ogre
 19767 | D:10     | Killed a two-headed ogre
 20144 | D:11     | Gained mutation: Your thick and shaggy fur keeps you warm.
                  | (AC +3, rC+) [Felid growth]
 20144 | D:11     | Reached XP level 12. HP: 50/60 MP: 19/19
 20681 | D:11     | Noticed Sonja
 20683 | D:11     | Killed Sonja
 20720 | D:11     | Gained mutation: You are missing an eye, making it more
                  | difficult to aim. [Ru sacrifice]
 20720 | D:11     | Reached ***** piety under Ru
 21096 | D:11     | Reached skill level 10 in Stealth
 21443 | D:11     | Killed a two-headed ogre
 21443 | D:11     | Reached skill level 10 in Dodging
 21980 | D:11     | Found a staircase to the Lair.
 22070 | Lair:1   | Entered Level 1 of the Lair of Beasts
 22697 | Lair:1   | Found a transporter.
 22883 | Lair:1   | Found a transporter.
 23757 | Lair:2   | Found a hole to the Spider Nest.
 23785 | Lair:2   | Learned a level 6 spell: Iron Shot
 23799 | Lair:2   | Noticed a death yak
 23802 | Lair:2   | Noticed an eight-headed hydra
 23871 | Lair:2   | Killed a ten-headed hydra
 23871 | Lair:2   | Reached skill level 1 in Conjurations
 23871 | Lair:2   | Reached skill level 1 in Earth Magic
 23877 | Lair:2   | Killed a death yak
 23877 | Lair:2   | Reached XP level 13. HP: 63/63 MP: 17/20
 25094 | Lair:2   | Learned a level 4 spell: Ice Form
 25280 | Lair:3   | Noticed Nergalle
 25287 | Lair:3   | Reached skill level 5 in Spellcasting
 25296 | Lair:3   | Killed Nergalle
 25620 | Lair:3   | Found a staircase to the Swamp.
 27354 | Lair:4   | Found the +3 hat of Pondering {ponderous, MR+ MP+10 Int+5}
 28470 | Lair:6   | Entered Level 6 of the Lair of Beasts
 28602 | Lair:6   | Found a staircase to the Slime Pits.
 29478 | D:8      | Bought a lamp of fire for 480 gold pieces
 29653 | Lair:6   | Noticed Nessos
 30067 | Lair:6   | Killed Nessos
 31722 | Lair:6   | Learned a level 7 spell: Orb of Destruction
 32891 | Lair:6   | Reached XP level 14. HP: 55/69 MP: 25/26
 33057 | Lair:6   | Reached skill level 5 in Conjurations
 35906 | Orc:1    | Entered Level 1 of the Orcish Mines
 36168 | Orc:1    | You fall into a shaft and drop 1 floor!
 36168 | Orc:2    | Entered Level 2 of the Orcish Mines
 37649 | Orc:2    | Noticed an orc warlord
 37704 | Orc:2    | Killed an orc warlord
 38392 | Orc:2    | Noticed Blork the orc
 38409 | Orc:2    | Killed Blork the orc
 38708 | Orc:2    | Reached skill level 5 in Earth Magic
 39575 | Orc:2    | Found a roughly hewn altar of Beogh.
 40539 | Orc:2    | Found Axofabbe's Antique Armour Emporium.
 40706 | Orc:2    | Found Toraorch's Antique Weapon Emporium.
 40722 | Orc:2    | Found Fuedum's Book Emporium.
 40735 | Orc:2    | Bought a book of Transfigurations for 660 gold pieces
 40792 | Orc:2    | Found a staircase to the Elven Halls.
 41381 | Orc:2    | Found Ogasaso's General Store.
 41387 | Orc:2    | Bought a scroll of teleportation for 36 gold pieces
 41599 | D:13     | Learned a level 6 spell: Statue Form
 42478 | D:13     | Found a gate to the Vaults.
 46370 | D:14     | Reached XP level 15. HP: 71/73 MP: 11/28
 46709 | D:14     | Killed Josephine
 47877 | D:15     | Entered Level 15 of the Dungeon
 49338 | D:15     | Reached skill level 10 in Earth Magic
 50581 | D:15     | Identified Roxanne's Handbook of Clay
 50581 | D:15     | Noticed Roxanne
 50989 | D:15     | Killed Roxanne
 51617 | D:15     | Found a staircase to the Depths.
 51645 | D:15     | Reached skill level 10 in Unarmed Combat
 51992 | Swamp:1  | Entered Level 1 of the Swamp
 52221 | Swamp:1  | Learned a level 4 spell: Ice Form
 52713 | Swamp:1  | Noticed Aizul
 52813 | Swamp:1  | Killed Aizul
 52813 | Swamp:1  | Reached skill level 10 in Spellcasting
 53721 | Swamp:1  | Learned a level 7 spell: Dragon Form
 54224 | Swamp:2  | Reached XP level 16. HP: 77/77 MP: 29/31
 58007 | Swamp:4  | Entered Level 4 of the Swamp
 58201 | Swamp:3  | Learned a level 7 spell: Spellforged Servitor
 58362 | Swamp:4  | Noticed a thorn hunter
 58419 | Swamp:4  | Noticed a thorn hunter
 58522 | Swamp:4  | Killed a thorn hunter
 59157 | Swamp:4  | Noticed a thorn hunter
 59246 | Swamp:4  | Killed a thorn hunter
 59746 | Swamp:4  | Killed a thorn hunter
 59903 | Swamp:4  | Noticed Kirke
 59910 | Swamp:4  | Got a decaying rune of Zot
 60550 | Swamp:4  | Reached skill level 1 in Summonings
 60649 | Swamp:4  | Reached skill level 10 in Conjurations
 60753 | Swamp:4  | Noticed a thorn hunter
 60869 | Swamp:4  | Killed Kirke
 60869 | Swamp:4  | Reached skill level 2 in Summonings
 61314 | Swamp:4  | Killed a thorn hunter
 61314 | Swamp:4  | Reached skill level 3 in Summonings
 61739 | Spider:1 | Entered Level 1 of the Spider Nest
 61799 | Lair:2   | Reached skill level 4 in Summonings
 62212 | Spider:1 | Reached skill level 5 in Summonings
 62377 | Spider:1 | Reached XP level 17. HP: 81/81 MP: 19/34
 62625 | Spider:1 | Reached skill level 6 in Summonings
 63176 | Spider:1 | Reached skill level 7 in Summonings
 64074 | Spider:2 | Reached skill level 8 in Summonings
 64637 | Spider:2 | Reached skill level 9 in Summonings
 65644 | Spider:3 | Reached skill level 10 in Summonings
 67578 | Spider:4 | Entered Level 4 of the Spider Nest
 67835 | Spider:4 | Reached skill level 11 in Summonings
 69115 | Spider:4 | Found a runed translucent door.
 69117 | Spider:4 | Noticed Dwachs's ghost (adept CeHu)
 70009 | Spider:4 | Reached skill level 12 in Summonings
 70299 | Spider:4 | Reached XP level 18. HP: 84/84 MP: 1/35
 71910 | Spider:4 | Got a gossamer rune of Zot
 72320 | Elf:1    | Entered Level 1 of the Elven Halls
 73058 | Elf:1    | Killed from afar by a deep elf mage
 73059 | Elf:1    | Reached XP level 17. HP: -3/81 MP: 0/43
 73059 | Elf:1    | Found Zyclag's Antique Armour Shop.
 73513 | Elf:1    | Found Stoet's Superlative Supplies.
 73526 | Elf:1    | Bought a book of Spatial Translocations for 845 gold pieces
 73664 | Elf:1    | Reached skill level 13 in Summonings
 73740 | Elf:2    | HP: 1/105 [deep elf mage/bolt of fire (41)]
 73741 | Elf:2    | Mangled by a fire elemental
 73742 | Elf:2    | Reached XP level 16. HP: -12/100 MP: 0/42
 73773 | Elf:2    | Found a huge runed gate.
 73773 | Elf:2    | Found a huge runed gate.
 73773 | Elf:2    | Found a huge runed gate.
 73773 | Elf:2    | Found a huge runed gate.
 73800 | Elf:2    | Found a huge runed gate.
 73802 | Elf:3    | Entered Level 3 of the Elven Halls
 74004 | Elf:2    | Found a huge runed gate.
 74025 | Elf:2    | HP: 1/100 [deep elf archer/arrow (12)]
 74026 | Elf:2    | Killed from afar by a deep elf mage

Levels and vault maps discovered:
D:1:      mushboom_english_gardens, layout_basic, st_stairs_12,
          chequers_serial_rivers_marsh, minmay_hexomino_u4
D:2:      layout_loops_corners, minitemple, first_ration, uniq_terence
D:3:      layout_rooms, nicolae_overflow_crystal_walls, minmay_bisected,
          uniq_ijyb, uniq_robin, uniq_jessica
D:4:      layout_cave_pools, grunt_temple_overflow_growth_and_decay,
          elyvilon_altar_4, minmay_temple_entry_grid, kennysheep_crisscross,
          bloody_makhleb
D:5:      layout_loops_ring, nicolae_ru_the_path_less_chosen,
          uniq_crazy_yiuf_cottage
D:6:      layout_rooms, nicolae_dithmenos_the_darkroom, kennysheep_another_room,
          trog_book
D:7:      layout_rooms, lemuel_mausoleum_altar_yredelemnul, serial_shops,
          kennysheep_mini_moat, chequers_avenue, uniq_duvessa, uniq_menkaure,
          uniq_joseph
D:8:      layout_cave_pools, chequers_temple_overflow_statue_of_worship,
          serial_shops, shop, uniq_erica, uniq_psyche
D:9:      layout_basic, cheibriados_altar_1, hangedman_fish_farm,
          abandoned_shop, minmay_holes, kennysheep_generic_room_15,
          uniq_prince_ribbit1, uniq_pikel
D:10:     minmay_ornate_pinched, layout_basic, orc_0_dummy
D:11:     layout_loops_ring, erik_lair_island, minivault_25,
          minmay_diced_spiral, uniq_erolcha, uniq_josephine, uniq_sonja
D:12:     layout_layer_cave
D:13:     layout_roguey, erik_vaults_2, grunt_ministairs_6
D:14:     layout_cave_pools, minmay_rotating_lava
D:15:     grunt_enter_depths_magical_seal, layout_cave_pods,
          wad_floor_pattern_1, uniq_roxanne
Temple:   zaba_magenta_temple
Lair:1:   gammafunk_cloud_chamber, layout_regular_city, beast_lair_carwin_7,
          infiniplex_staircase_pool
Lair:2:   layout_regular_city, spider_nest_entry_rubble, eino_house_with_fridge
Lair:3:   layout_regular_city, minmay_swamp_entry_reptiles,
          portal_ice_cave_rime, serial_bayou_ford_a, uniq_nergalle
Lair:4:   layout_cave_shapes, lemuel_fruit_tree
Lair:5:   layout_gridlike, grunt_megastairs_2
Lair:6:   evilmike_catoblepas_cave, layout_regular_city,
          nicolae_slime_entry_slimehenge, st_stairs_6,
          chequers_serial_rivers_room_a, uniq_nessos
Swamp:1:  layout_basic_swamp, serial_swamp_ruin, evilmike_swamp_ruin_house_5,
          evilmike_swamp_ruin_rubble_2, uniq_aizul
Swamp:2:  layout_basic_swamp, nicolae_swamp_very_dense_foliage, swamp_pool2
Swamp:3:  layout_falls_marsh, nicolae_swamp_fairy_circle, swamp_pool1
Swamp:4:  swamp, layout_basic_swamp, uniq_kirke
Spider:1: layout_spider_delve
Spider:2: layout_spider_delve, drop_trap
Spider:3: layout_chambers, nicolae_looking_at_the_future
Spider:4: spider_rune_water, ebering_ghost_reflecting_pool,
          hangedman_spider_tarantella_strand
Orc:1:    layout_caves
Orc:2:    grunt_orc_cross, layout_caves
Elf:1:    layout_loops_cross, serial_shops, shop, hangedman_elf_disciples,
          nicolae_alphabet_shops
Elf:2:    layout_rooms, serial_shops, statue_bzr, not_door_vault_mu
Elf:3:    minmay_elf_hall_spiked, layout_geoelf_diagonals

Skill      XL: |  1  2  3  4  5  6  7  8  9 10 11 12 13 14 15 16 17 |
---------------+----------------------------------------------------+-----
Fighting       | 2 3 4 8 10 11 12 | 12.5
Transmutations | 3 4 6 7 9 10 11 12 | 12.0
Evocations     | 1 3 6 7 8 |  8.1
Unarmed Combat | 6 7 8 10 | 10.0
Dodging        | 8 11 | 11.6
Stealth        | 8 12 | 12.1
Spellcasting   | 4 7 8 10 12 | 12.8
Conjurations   | 1 4 7 12 11 | 12.1
Earth Magic    | 1 4 8 10 | 10.0
Summonings     | 5 13 | 13.1

Action                   |  1- 3 |  4- 6 |  7- 9 | 10-12 | 13-15 | 16-18 || total
-------------------------+-------+-------+-------+-------+-------+-------++-------
Melee: Unarmed           |   149 |   248 |   233 |   564 |  1481 |  1818 ||  4493
       Bite              |    11 |    20 |    20 |    49 |   102 |   129 ||   331
       Headbutt          |    16 |    22 |     7 |       |     4 |       ||    49
       Punch             |     1 |     2 |     2 |    10 |    40 |    56 ||   111
 Cast: Beastly Appendage |    37 |    40 |     5 |     4 |     7 |     2 ||    95
       Sticks to Snakes  |     3 |    15 |       |    26 |    43 |     3 ||    90
       Blade Hands       |       |     3 |    30 |    75 |   135 |       ||   243
       Ice Form          |       |       |       |       |     6 |    10 ||    16
       Statue Form       |       |       |       |       |    40 |   135 ||   175
       Iron Shot         |       |       |       |       |     5 |    79 ||    84
       Dragon Form       |       |       |       |       |       |     1 ||     1
Invok: Sacrifice Purity  |       |       |     1 |       |       |       ||     1
       Sacrifice Resista |       |       |       |     1 |       |       ||     1
       Sacrifice Health  |       |       |       |     1 |       |       ||     1
       Reject Sacrifices |       |       |       |     1 |     2 |     1 ||     4
       Apocalypse        |       |       |       |     1 |     4 |     4 ||     9
       Sacrifice an Eye  |       |       |       |     1 |       |       ||     1
       Power Leap        |       |       |       |       |       |     4 ||     4
 Abil: End Transformatio |       |       |       |     2 |     7 |     2 ||    11
Evoke: Wand              |       |       |     6 |    25 |    57 |    44 ||   132
       Phial of floods   |       |       |       |       |     1 |     1 ||     2
       Lamp of fire      |       |       |       |       |       |     1 ||     1
  Use: Scroll            |       |     8 |     5 |     9 |    16 |     8 ||    46
       Potion            |       |     1 |     1 |       |     6 |     5 ||    13
 Stab: Sleeping          |     2 |       |       |    10 |    21 |    17 ||    50
       Distracted        |       |     1 |       |     3 |    13 |     7 ||    24
       Paralysed         |       |       |     1 |    14 |    10 |     3 ||    28
       Invisible         |       |       |       |       |    15 |    20 ||    35
       Petrified         |       |       |       |       |     2 |       ||     2
       Petrifying        |       |       |       |       |     1 |       ||     1
       Confused          |       |       |       |       |       |     2 ||     2
       Held in net/web   |       |       |       |       |       |     2 ||     2
  Eat: Chunk             |    12 |    15 |    18 |    66 |   115 |    89 ||   315
       Ration            |       |       |     1 |     1 |     6 |     6 ||    14
Armor: Skin              |    10 |    15 |    48 |    20 |   313 |  1455 ||  1861
Dodge: Dodged            |   143 |   182 |   161 |   356 |  1229 |  3189 ||  5260
Block: Other             |    11 |    47 |       |       |       |       ||    58
       Reflection        |       |     3 |       |       |       |       ||     3
